 Dungeon Crawl Stone Soup version 0.31-a0-826-ga5cc291a1b (webtiles) character file.

Game seed: 14031625334541144723

576 qw the Shooter (level 7, -5/43 HPs)
             Began as a Gargoyle Hunter on Sept 23, 2023.
             Slain by Edmund
             ... wielding a +1 flail of protection
              (6 damage)
             ... on level 5 of the Dungeon.
             The game lasted 00:01:09 (3079 turns).

qw the Shooter (Gargoyle Hunter)                    Turns: 3079, Time: 00:01:09

Health: -5/43      AC: 10    Str: 14    XL:     7   Next: 35%
Magic:  0/7        EV: 11    Int: 10    God:
Gold:   77         SH:  0    Dex: 15    Spells: 6/6 levels left

rFire   . . .        Y - +0 shortbow
rCold   . . .        (shield currently unavailable)
rNeg    + . .        g - +0 ring mail
rPois   inf          f - +0 helmet
rElec   +            (no cloak)
rCorr   .            (no gloves)
SInv    .            (no boots)
Will    .....        b - amulet of guardian spirit
Stlth   +            (no ring)
HPRegen 0.27/turn    (no ring)
MPRegen 0.10/turn

%: guardian spirit
@: lit by a corona, glowing
A: sickness immunity, AC +4, negative energy resistance 1, electricity
resistance, torment resistance 1, petrification resistance, iridescent scales 1,
deformed body
a: no special abilities


You were on level 5 of the Dungeon.
You visited 1 branch of the dungeon, and saw 5 of its levels.

You collected 77 gold pieces.


Innate Abilities, Weirdness & Mutations

You are immune to sickness and miasma.
Your stone body is resilient. (AC +4)
You are immune to poison.
You resist negative energy. (rN+)
You are resistant to electric shocks. (rElec)
You are resistant to unholy torment.
You are immune to petrification.
You are partially covered in iridescent scales. (AC +2)
Armour fits poorly on your strangely shaped body.


   Skills:
 - Level 4.1 Fighting
 + Level 7.6 Ranged Weapons
 - Level 2.5 Armour
 - Level 1.5 Dodging
 - Level 1.1 Stealth


You had 6 spell levels left.
You didn't know any spells.
Your spell library was empty.

Inventory:

Hand Weapons
 Y - a +0 shortbow (weapon)
Armour
 f - a +0 helmet (worn)
 g - a +0 ring mail (worn)
Jewellery
 b - an amulet of guardian spirit (around neck)
Scrolls
 c - a scroll of identify
Potions
 a - a potion of might
 d - 2 potions of enlightenment
 e - a potion of invisibility {unknown}
 h - a potion of cancellation {unknown}

Dungeon Overview and Level Annotations

Branches:
Dungeon (5/15)
 Temple: D:4-7

Altars:
Zin

Annotations:
D:5 Edmund


Message History

Dowan casts a spell.
Dowan blinks!
3074 |||
Found retreat position at 2,0 (floor) with 0 blocking monsters and 2 monsters attacking at destination at distance 2
3074 ||| Stepping ~*~*~tactically~*~*~ (retreating).
Dowan barely misses you. The centaur barely misses you.
The centaur kicks you but does no damage.
3075 |||
Found retreat position at 1,1 (floor) with 0 blocking monsters and 2 monsters attacking at destination at distance 1
3075 ||| Stepping ~*~*~tactically~*~*~ (retreating).
Dowan hits you but does no damage.
You shoot an arrow. The arrow hits Dowan!
You kill Dowan!
You hear a distant scream of rage.
The centaur completely misses you.
The centaur kicks you but does no damage.
The orc priest calls down the wrath of Beogh upon you.
Beogh smites you!
The centaur hits you but does no damage.
The centaur closely misses you.
You shoot an arrow. The arrow closely misses Edmund.
The arrow barely misses the orc priest.
The centaur hits you. The centaur kicks you.
Edmund hits you with a +1 flail of protection.
The centaur hits you.
The centaur kicks you but does no damage.
You shoot an arrow.
The arrow hits Edmund but does no damage.
Edmund is lightly wounded.
Edmund hits you with a +1 flail of protection.
The centaur closely misses you.
The centaur kicks you but does no damage.
Edmund hits you with a +1 flail of protection.
You shoot an arrow.
The arrow hits Edmund but does no damage.
Edmund is lightly wounded.
The centaur closely misses you.
The centaur kicks you but does no damage.
The centaur hits you. The centaur closely misses you.
Edmund hits you with a +1 flail of protection.
You die...
Edmund says, "That'll show my brother!"

... #....# #.# #.#... .
#.. #####.#.## .. +.###
#...#.#.## .. #...#
####...#)#...
#.##+##.#.###.......)####
...........##.#....### #
.#.#.#c#.........># #
#..o@@.)...#..#.#
#.##########....# ?..
#.##.# #... #.##.# #...
#..... #<.o ####.## ##..
.. o..


You could see Edmund, a centaur and an orc priest.

Vanquished Creatures
  Blork the orc (D:4)
  2 scorpions (D:4)
  Dowan (D:5)
  A hound (D:5)
  A jelly (D:4)
  A gnoll bouda (D:4)
  2 iguanas (D:4)
  2 orc wizards (D:5)
  5 adders
  4 gnolls (D:4)
  3 dart slugs
  4 orcs
  2 bats
  8 endoplasms
  2 giant cockroaches
  6 goblins
  6 hobgoblins
  3 jackals (D:1)
  3 kobolds
  5 quokkas
  3 ball pythons
  3 frilled lizards
  4 rats
72 creatures vanquished.

Notes
Turn   | Place    | Note
-------+----------+-------------------------------------------
     0 | D:1      | qw the Gargoyle Hunter began the quest for the Orb.
     0 | D:1      | Reached XP level 1. HP: 12/12 MP: 1/1
     0 | D:1      | 0 ||| qw: Version: 0.3-a-83-gcd0e7d8
     0 | D:1      | 0 ||| qw: Game counter: 1833
     0 | D:1      | 0 ||| qw: Melee chars always use a shield: true
     0 | D:1      | 0 ||| qw: God list: Okawaru
     0 | D:1      | 0 ||| qw: Allow faded altars: false
     0 | D:1      | 0 ||| qw: Do Orc after clearing Dungeon:15 true
     0 | D:1      | 0 ||| qw: Do second Lair branch before Depths: true
     0 | D:1      | 0 ||| qw: Lair rune preference: random
     0 | D:1      | 0 ||| qw: Goals: Normal
     0 | D:1      | 0 ||| PLANNING D:1-11
    51 | D:1      | Reached XP level 2. HP: 13/17 MP: 2/2
   760 | D:1      | 760 ||| DROPPING scroll of butterflies.
   797 | D:2      | Reached XP level 3. HP: 21/21 MP: 3/3
   845 | D:2      | Reached skill level 5 in Ranged Weapons
   873 | D:2      | Identified the +6 short sword of the Gloaming {antimagic,
                  | rElec Str-2 Int+3}
  1121 | D:2      | 1121 ||| UPGRADING to +0 helmet.
  1126 | D:2      | 1126 ||| UPGRADING to amulet of guardian spirit.
  1131 | D:2      | 1131 ||| READING scroll labelled GIOCEM GEBA.
  1263 | D:3      | Found a glowing silver altar of Zin.
  1278 | D:3      | Reached skill level 3 in Fighting
  1475 | D:3      | Reached XP level 4. HP: 28/28 MP: 4/4
  1921 | D:3      | 1921 ||| UPGRADING to +0 ring mail.
  1931 | D:3      | 1931 ||| DROPPING +0 leather armour.
  1932 | D:3      | 1932 ||| READING scroll labelled SAMASU NAIRACS.
  1933 | D:3      | 1933 ||| READING scroll labelled MAAMAE WESALE.
  1934 | D:3      | 1934 ||| DRINKING 2 bubbling puce potions.
  1935 | D:3      | 1935 ||| DRINKING 2 white potions.
  1964 | D:4      | Noticed a scorpion
  1973 | D:4      | Killed a scorpion
  1974 | D:4      | Reached XP level 5. HP: 32/32 MP: 5/5
  2172 | D:4      | Reached skill level 6 in Ranged Weapons
  2326 | D:4      | Noticed Blork the orc
  2335 | D:4      | Killed Blork the orc
  2336 | D:4      | Reached XP level 6. HP: 28/38 MP: 3/6
  2772 | D:4      | 2772 ||| FLEEEEING.
  2773 | D:4      | 2773 ||| FLEEEEING.
  2774 | D:4      | 2774 ||| FLEEEEING.
  2775 | D:4      | 2775 ||| FLEEEEING.
  2841 | D:4      | Reached XP level 7. HP: 41/43 MP: 5/7
  2913 | D:4      | 2913 ||| DRINKING 2 orange potions.
  2913 | D:4      | Gained mutation: You are vulnerable to heat. (rF-) [potion
                  | of mutation]
  2913 | D:4      | Gained mutation: You are strong-willed. (Will+) [potion of
                  | mutation]
  2914 | D:4      | 2914 ||| DRINKING potion of mutation.
  2914 | D:4      | Lost mutation: You are vulnerable to heat. (rF-) [potion of
                  | mutation]
  2914 | D:4      | Lost mutation: You are strong-willed. (Will+) [potion of
                  | mutation]
  2914 | D:4      | Gained mutation: Armour fits poorly on your strangely
                  | shaped body. [potion of mutation]
  2914 | D:4      | Gained mutation: You are partially covered in iridescent
                  | scales. (AC +2) [potion of mutation]
  2943 | D:5      | Entered Level 5 of the Dungeon
  2953 | D:5      | Reached skill level 7 in Ranged Weapons
  2984 | D:5      | 2984 ||| Stepping ~*~*~tactically~*~*~ (retreating).
  3059 | D:5      | Noticed Edmund
  3060 | D:5      | 3060 ||| RETREEAATING.
  3061 | D:5      | Noticed Dowan
  3062 | D:5      | 3062 ||| RETREEAATING.
  3074 | D:5      | 3074 ||| Stepping ~*~*~tactically~*~*~ (retreating).
  3075 | D:5      | 3075 ||| Stepping ~*~*~tactically~*~*~ (retreating).
  3076 | D:5      | Killed Dowan
  3078 | D:5      | HP: 8/43 [Edmund/+1 flail of protection (4)]
  3079 | D:5      | HP: 1/43 [centaur (5)]
  3079 | D:5      | Slain by Edmund

Levels and vault maps discovered:
D:1:      dpeg_arrival_fog, layout_loops_corners
D:2:      layout_rooms
D:3:      cheibrodos_old_hovel, layout_loops_corners,
          mainiacjoe_overflow_six_doors_small
D:4:      layout_basic, serial_corexii_hall, corexii_hall_statues_u,
          corexii_hall_statues_s, uniq_blork_the_orc
D:5:      layout_basic, minmay_temple_entry_fiery, gammafunk_ghost_grave,
          minmay_misc_feat_doors, uniq_duvessa, uniq_edmund

Skill      XL: |  1  2  3  4  5  6  7 |
---------------+----------------------+-----
Ranged Weapons | 5 6 7 |  7.6
Fighting       | 3 4 |  4.1
Armour         | 2 |  2.5
Dodging        | |  1.5
Stealth        | |  1.1

Action                     |  1- 3 |  4- 6 |  7- 9 || total
---------------------------+-------+-------+-------++-------
   Fire: Shortbow          |   107 |   114 |    54 ||   275
    Use: Scroll            |     1 |     2 |       ||     3
         Potion            |       |     2 |     2 ||     4
 Armour: Leather armour    |    37 |     4 |       ||    41
         Ring mail         |       |    23 |    66 ||    89
  Dodge: Dodged            |    27 |    22 |    40 ||    89

Table legend:
 A = Non-vault XP
 B = Vault XP
 C = Vault XP percentage of total XP
 D = Non-vault monster count
 E = Vault monster count
 F = Vault count percentage of total count
                 A         B        C        D         E       F
            +---------+---------+-------+---------+---------+-------
      Total |     651 |     173 |  21.0 |      69 |       3 |   4.2
            +---------+---------+-------+---------+---------+-------
        D:1 |      33 |       0 |   0.0 |      16 |       0 |   0.0
        D:2 |      22 |       0 |   0.0 |      13 |       0 |   0.0
        D:3 |      49 |      13 |  21.0 |      13 |       1 |   7.1
        D:4 |     413 |      91 |  18.1 |      21 |       1 |   4.5
        D:5 |     134 |      69 |  34.0 |       6 |       1 |  14.3
            +---------+---------+-------+---------+---------+-------
